Map: Para Site LE

Players

Mesrob - Winner!

  • Race: Terran Terran
  • League: Gold
  • Spawn Location: 5:00

Bdarby

  • Race: Terran Terran
  • League: Gold
  • Spawn Location: 11:00

VOD

Have the link to the VOD?

Description

Time

  • Played on: Jan. 14, 2019, 6:22 p.m.
  • Length: 19:32
Show
View Real Time Build Order
Export as new Build Order

Mesrob Terran - Winner!

Build Orders: Mech 

Get SALT Encoding   

  12  0:00  SCV  
  13  0:13  SCV  
  14  0:17  Supply Depot  
  14  0:25  SCV  
  15  0:38  SCV  
  15  0:40  Barracks  
  16  0:46  Refinery  
  16  0:53  SCV  
  17  1:05  SCV  
  18  1:17  SCV  
  19  1:30  Orbital Command  
  19  1:39  Command Center  
  19  1:41  Marine  
  20  1:54  Bunker  
  20  1:58  SCV  
  20  2:20  SCV  
  20  2:21  Factory  
  21  2:24  Refinery  
  21  2:26  Barracks Tech Lab  
  21  2:34  SCV  
  22  2:47  Supply Depot, SCV  
  23  3:00  SCV  
  23  3:04  Orbital Command  
  24  3:10  Engineering Bay  
  24  3:12  SCV  
  25  3:14  Armory  
  25  3:18  Siege Tank  
  25  3:19  Marine  
  29  3:24  SCV  
  30  3:30  SCV  
  31  3:37  SCV  
  32  3:42  SCV  
  33  3:48  Missile Turret  
  33  3:49  SCV  
  33  3:54  SCV  
  35  4:00  Missile Turret  
  35  4:05  Siege Tank  
  35  4:08  Terran Vehicle Weapons Level 1  
  35  4:09  Missile Turret  
  38  4:13  Missile Turret  
  38  4:31  Supply Depot  
  38  4:32  Refinery  
  38  4:33  SCV x2  
  38  4:34  Missile Turret  
  38  4:37  Siege Tank  
  43  4:45  SCV x2  
  45  4:51  Command Center  
  45  4:59  Supply Depot, Missile Turret  
  45  5:08  SCV  
  45  5:09  Siege Tank, SCV  
  50  5:20  SCV  
  50  5:21  Missile Turret, SCV  
  52  5:41  Supply Depot  
  52  5:49  Thor  
  58  6:00  Marine  
  59  6:04  Supply Depot  
  59  6:07  Factory  
  59  6:12  Refinery  
  59  6:18  Factory  
  59  6:25  Missile Turret  
  59  6:28  Supply Depot  
  59  6:32  Thor  
  59  6:33  SCV  
  59  6:34  SCV  
  67  6:45  Planetary Fortress  
  67  6:46  Missile Turret, SCV x2  
  69  6:51  Supply Depot  
  69  6:55  Factory Reactor  
  69  6:58  SCV x2  
  71  7:10  Missile Turret, SCV  
  71  7:13  Supply Depot  
  71  7:15  Thor  
  78  7:29  Command Center  
  78  7:32  Missile Turret  
  78  7:35  Sensor Tower  
  78  7:38  Supply Depot  
  78  7:50  Refinery x2, SCV  
  80  7:51  SCV x2  
  80  7:58  Thor  
  81  7:59  Hellbat x2  
  81  8:00  Supply Depot  
  81  8:02  SCV  
  81  8:03  Factory Tech Lab, SCV x2  
  94  8:07  Sensor Tower  
  94  8:15  SCV  
  94  8:17  Factory  
  95  8:25  SCV  
  95  8:26  SCV  
  95  8:27  SCV  
  98  8:37  SCV  
  98  8:38  SCV  
  98  8:39  SCV  
  101  8:44  Supply Depot  
  101  8:45  Sensor Tower  
  101  8:50  SCV  
  101  8:51  Planetary Fortress  
  101  8:55  Refinery  
  102  8:56  SCV x2  
  102  9:02  SCV  
  105  9:08  SCV  
  106  9:10  Supply Depot  
  106  9:12  Factory  
  106  9:18  Factory  
  106  9:19  Factory Tech Lab  
  106  9:21  Refinery  
  100  9:33  Supply Depot  
  96  9:39  Thor x2  
  96  9:40  Hellbat x2  
  110  9:47  Command Center  
  110  9:49  SCV  
  110  9:50  SCV x2  
  113  10:02  SCV x3  
  116  10:09  Factory Reactor  
  116  10:11  Thor  
  116  10:12  Hellbat  
  116  10:13  Hellbat  
  116  10:14  SCV x3  
  129  10:21  Factory Reactor  
  129  10:30  Thor x2  
  141  10:37  Factory  
  141  10:46  Hellbat x3  
  141  10:47  Hellbat  
  149  10:51  SCV  
  149  10:54  Thor  
  156  10:58  SCV  
  156  10:59  SCV  
  156  11:02  Planetary Fortress  
  156  11:03  SCV  
  159  11:10  SCV  
  159  11:11  SCV  
  161  11:15  SCV  
  162  11:23  SCV x2  
  164  11:27  SCV  
  164  11:31  Thor  
  171  11:35  SCV  
  172  11:43  Supply Depot  
  172  11:48  Supply Depot, SCV x3  
  172  11:49  Hellbat x2  
  179  12:00  Factory Tech Lab, SCV  
  180  12:04  Thor  
  180  12:05  Hellbat, Supply Depot  
  188  12:09  Hellbat, Thor  
  188  12:11  Supply Depot  
  196  12:27  Hellbat x2  
  196  12:28  Supply Depot  
  200  12:51  Supply Depot  
  200  12:58  Hellbat  
  200  12:59  Hellbat, Factory  
  171  13:16  Thor x2  
  171  13:17  Thor x2  
  171  13:18  Hellbat x4  
  173  13:20  Hellbat  
  149  13:38  Hellbat  
  149  13:39  Hellbat  
  149  13:40  Hellbat x3  
  151  13:59  Thor x3  
  151  14:00  Thor  
  149  14:31  Hellbat x3  
  149  14:32  Hellbat x3  
  157  14:42  Thor x3  
  157  14:43  Thor  
  165  14:53  Hellbat x5  
  165  14:54  Factory Tech Lab  
  153  15:01  Hellbat  
  153  15:14  Hellbat x4  
  153  15:15  Hellbat  
  159  15:23  Hellbat  
  159  15:24  Thor  
  159  15:25  Thor x3  
  185  15:31  Command Center  
  191  15:35  Hellbat x2  
  191  15:36  Hellbat x3  
  195  15:44  Hellbat  
  199  15:57  Hellbat  
  199  16:05  Refinery x2  
  199  16:35  Command Center  
  165  16:54  Thor x5  
  143  16:56  Hellbat x6  
  161  17:17  Hellbat x3  
  167  17:37  Thor x5  
  161  17:43  Hellbat x5  
  161  17:44  Hellbat  
  173  18:12  Hellbat x4  
  185  18:13  Hellbat x2  
  185  18:19  Thor  
  185  18:20  Thor  
  177  18:45  Hellbat x2  
  177  18:46  Hellbat, Thor x3  
  177  18:48  Hellbat x2  
Show
View Real Time Build Order
Export as new Build Order

Bdarby Terran 

Build Orders: Mech 

Get SALT Encoding   

  12  0:00  SCV  
  13  0:13  SCV  
  14  0:17  Supply Depot  
  14  0:25  SCV  
  15  0:30  Refinery  
  15  0:39  SCV  
  16  0:45  Barracks  
  16  0:51  SCV  
  17  1:01  Refinery  
  17  1:03  SCV  
  18  1:15  SCV  
  19  1:29  SCV  
  19  1:32  Marine, Supply Depot  
  21  1:36  Factory  
  21  1:41  SCV  
  22  2:16  Command Center  
  22  2:21  Factory Tech Lab  
  22  2:24  Marine  
  22  2:29  SCV  
  24  2:42  Bunker  
  24  2:44  SCV  
  25  2:57  Siege Tank  
  28  2:58  Barracks Reactor  
  28  3:07  Orbital Command  
  28  3:16  Supply Depot  
  28  3:22  Refinery  
  28  3:31  Siege Tank  
  28  3:33  SCV  
  32  3:46  SCV  
  32  3:47  Marine x2  
  35  3:55  Orbital Command  
  35  3:58  SCV  
  36  4:04  Factory  
  36  4:13  Engineering Bay  
  36  4:14  SCV  
  37  4:21  SCV  
  38  4:26  Siege Tank, SCV  
  42  4:35  Armory  
  42  4:36  SCV  
  44  4:38  SCV  
  44  4:51  SCV x2  
  46  4:58  Siege Tank  
  46  4:59  Barracks Tech Lab  
  49  5:05  Missile Turret  
  49  5:06  SCV x2  
  51  5:07  Missile Turret  
  51  5:09  Refinery  
  51  5:15  Hellion  
  51  5:18  SCV  
  54  5:23  Supply Depot  
  54  5:25  Terran Vehicle Weapons Level 1  
  54  5:26  Supply Depot  
  54  5:44  SCV x2, Thor  
  62  5:52  Infernal Pre-Igniter  
  62  5:54  Hellbat x2  
  62  5:56  SCV  
  67  6:03  Supply Depot  
  67  6:10  Supply Depot  
  67  6:13  Missile Turret  
  67  6:15  Missile Turret  
  67  6:25  Hellbat x2  
  71  6:27  Thor  
  77  6:35  SCV x2  
  79  6:40  Missile Turret  
  79  6:51  Missile Turret, Armory  
  79  6:56  Missile Turret  
  79  6:57  Hellbat x2  
  79  6:59  SCV x2  
  85  7:10  Smart Servos  
  85  7:17  Command Center  
  85  7:24  Factory  
  85  7:37  Supply Depot  
  85  7:38  Supply Depot  
  85  7:42  Supply Depot  
  85  7:46  Supply Depot  
  85  7:49  Terran Vehicle And Ship Armor Level 1, Missile Turret  
  85  7:53  SCV  
  86  7:59  Hellbat x2, SCV, Thor  
  86  8:00  Terran Vehicle Weapons Level 2  
  97  8:18  Barracks Tech Lab, Missile Turret  
  97  8:21  SCV x2  
  97  8:26  Thor  
  105  8:36  Hellbat x2  
  105  8:37  Factory  
  109  8:54  Thor  
  115  8:58  SCV x2  
  115  9:02  Hellbat x2  
  121  9:14  SCV x2  
  123  9:17  Factory  
  115  9:36  Hellbat x2, Thor  
  109  9:40  Thor  
  109  9:44  Factory Tech Lab  
  100  9:50  Planetary Fortress  
  100  10:02  SCV x2  
  100  10:05  Refinery  
  100  10:06  Missile Turret  
  102  10:08  Refinery  
  102  10:14  SCV  
  102  10:15  SCV  
  102  10:18  Supply Depot  
  102  10:19  Supply Depot  
  104  10:23  Supply Depot x2, Terran Vehicle And Ship Armor Level 2  
  104  10:27  Missile Turret  
  104  10:30  Terran Vehicle Weapons Level 3  
  104  10:37  SCV  
  104  10:38  SCV x2  
  107  10:43  Factory Tech Lab  
  107  10:44  Thor  
  107  10:48  Missile Turret  
  107  10:49  Hellbat  
  115  10:50  Hellbat  
  117  11:01  Thor  
  123  11:13  Thor  
  123  11:15  Thor  
  135  11:21  Hellbat x2  
  139  11:27  Thor  
  145  11:42  SCV x3  
  145  11:44  Command Center  
  148  11:49  Thor  
  154  11:56  Hellbat x2  
  158  12:06  Command Center  
  158  12:08  Thor  
  164  12:26  Factory  
  164  12:29  Factory  
  164  12:40  Hellbat x2  
  168  12:55  Thor x3  
  186  13:02  Terran Ship Weapons Level 1  
  186  13:04  Hellbat x2  
  186  13:07  Terran Vehicle And Ship Armor Level 3  
  186  13:09  Thor  
  144  13:25  SCV  
  107  13:38  Thor x3  
  125  13:43  Hellbat x2  
  129  13:52  Thor  
  133  14:04  Command Center  
  119  14:21  Thor x2  
  119  14:24  Thor  
  127  14:25  Hellbat x2  
  137  14:32  Missile Turret  
  137  14:43  Planetary Fortress  
  137  14:48  Hellbat x2, Thor  
  139  14:59  Planetary Fortress  
  132  15:09  Missile Turret, Thor  
  138  15:18  SCV x2  
  140  15:25  Thor  
  148  15:28  Hellbat  
  148  15:29  Missile Turret  
  148  15:30  Hellbat  
  148  15:34  SCV x2  
  148  15:35  SCV  
  153  15:40  SCV  
  154  15:47  SCV  
  155  15:50  Missile Turret  
  155  15:52  SCV  
  155  15:54  Thor  
  162  15:59  SCV  
  162  16:01  Command Center  
  163  16:05  SCV  
  163  16:07  Thor  
  170  16:15  Supply Depot  
  170  16:17  Supply Depot, SCV  
  170  16:18  Supply Depot, SCV  
  172  16:20  SCV  
  173  16:27  Refinery  
  173  16:28  Refinery  
  173  16:32  Thor  
  174  16:42  Thor  
  124  16:54  Thor  
  124  16:55  Hellbat x2  
  99  17:12  Thor  
  95  17:24  Hellion x2  
  69  17:47  Thor  
  69  17:50  Orbital Command  
  75  17:56  Hellion x2  
  75  18:16  Orbital Command  
  73  18:41  Factory Tech Lab x2  
  70  18:42  Thor  
  70  18:44  Hellbat  
  70  18:45  Hellbat x2  
  58  19:06  Hellbat  
Tags
 
Composition
MechMech
League
GoldGold
Matchup
TvT
Race
Terran
Replay Pack
sc2 replays
Spawn Locations
Cross Positions
Add a new tag
Caveats
  • Supply blocks, unpowered buildings, or Contaminate may cause inaccurate times.
  • Supply counts are checked every 10 seconds.